 Dungeon Crawl Stone Soup version 0.27.0-1-g7a089689b8 (webtiles) character file.

Game seed: 16106843093656061521

821 dolemite99 the Skirmisher (level 7, -5/60 HPs)
             Began as a Gnoll Abyssal Knight on Aug 4, 2021.
             Was a Priest of Lugonu.
             Slain by a water moccasin (6 damage)
             ... on level 6 of the Dungeon.
             The game lasted 00:07:14 (7816 turns).

dolemite99 the Skirmisher (Gnoll Abyssal Knight)    Turns: 7816, Time: 00:07:15

Health: -5/60      AC: 11    Str: 14    XL:     7   Next: 95%
Magic:  11/11      EV:  7    Int: 11    God:    Lugonu [***...]
Gold:   183        SH:  0    Dex: 11    Spells: 11/11 levels left

rFire    + . .     SeeInvis .   a - +1 spear
rCold    + . .     Faith    .   (no shield)
rNeg     . . .     Spirit   .   j - +0 chain mail
rPois    +         Reflect  .   (no helmet)
rElec    +         Harm     .   s - +0 cloak
rCorr    +         Rampage  .   (no gloves)
Will     .....                  (no boots)
Stlth    ..........             (no amulet)
HPRegen  0.20/turn              (no ring)
MPRegen  0.12/turn              (no ring)

@: lethally poisoned (-5 -> -13), resistant
A: fangs 1, strong nose, distributed training
a: Renounce Religion, Depart the Abyss, Bend Space, Banish


You were on level 6 of the Dungeon.
You worshipped Lugonu.
Lugonu was most pleased with you.
You visited 1 branch of the dungeon, and saw 7 of its levels.
You visited the Abyss 1 time.

You collected 183 gold pieces.

Inventory:

Hand Weapons
 a - a +1 spear (weapon)
 v - a +0 halberd
 x - a +1 vorpal flail
Missiles
 d - 176 stones
 h - 48 arrows
 l - 19 sling bullets
 o - 4 boomerangs
 p - 4 poisoned darts (quivered)
 q - 20 bolts
Armour
 b - a +0 leather armour
 j - a +0 chain mail (worn)
 s - a +0 cloak (worn)
 y - a +0 scale mail
Jewellery
 c - an amulet of magic regeneration
Wands
 D - a wand of mindburst (15)
Scrolls
 e - a scroll of holy word {unknown}
 f - a scroll of fog
 g - a scroll of teleportation
 m - a scroll of silence {unknown}
 n - a scroll of magic mapping {unknown}
 u - a scroll of enchant weapon {unknown}
 z - a scroll of noise {unknown}
 C - a scroll of immolation {unknown}
Potions
 k - 2 potions of might
 r - a potion of ambrosia
 A - a potion of heal wounds {unknown}
 B - a potion of mutation {unknown}


   Skills:
 + Level 7.2 Fighting
 + Level 2.8 Short Blades
 + Level 2.8 Long Blades
 + Level 2.8 Axes
 + Level 2.8 Maces & Flails
 + Level 5.4 Polearms
 + Level 2.8 Staves
 + Level 2.8 Slings
 + Level 2.8 Bows
 + Level 2.8 Crossbows
 + Level 2.8 Throwing
 + Level 5.4 Armour
 + Level 3.9 Dodging
 + Level 2.8 Stealth
 + Level 2.8 Shields
 + Level 2.8 Unarmed Combat
 + Level 2.8 Spellcasting
 + Level 2.3 Conjurations
 + Level 2.3 Hexes
 + Level 2.3 Summonings
 + Level 2.3 Necromancy
 + Level 2.3 Translocations
 + Level 2.3 Transmutations
 + Level 2.3 Fire Magic
 + Level 2.3 Ice Magic
 + Level 2.3 Air Magic
 + Level 2.3 Earth Magic
 + Level 2.3 Poison Magic
 + Level 5.6 Invocations
 + Level 2.8 Evocations


You had 11 spell levels left.
You didn't know any spells.
Your spell library was empty.

Dungeon Overview and Level Annotations

Branches:
Dungeon (7/15)             Temple (0/1) D:5

Altars:
Okawaru

Shops:
D:1 (

Annotations:
D:5 Grinder


Innate Abilities, Weirdness & Mutations

You have very sharp teeth.
Your uncanny sense of smell can sniff out nearby items.
Your experience applies equally to all skills.


Message History

The water moccasin is heavily wounded.
You feel sick.
The water moccasin bites you but does no damage.
Your chain mail prevents you from hitting the water moccasin.
The water moccasin is heavily wounded.
You feel sick.
The water moccasin bites you but does no damage.
Your chain mail prevents you from hitting the water moccasin.
The water moccasin is heavily wounded.
You feel sick. The water moccasin bites you.
You miss the water moccasin.
You bite the water moccasin, but do no damage.
The water moccasin is heavily wounded.
You feel sick.
The water moccasin bites you but does no damage. x2
You hit the water moccasin.
The water moccasin is severely wounded.
You feel sick. The water moccasin bites you!
You are more poisoned.
The water moccasin poisons you!
You miss the water moccasin.
The water moccasin is severely wounded.
You feel very sick.
The water moccasin bites you but does no damage.
You miss the water moccasin.
The water moccasin is severely wounded.
* * * LOW HITPOINT WARNING * * *
You feel very sick.
The water moccasin bites you but does no damage.
You feel protected.
* * * LOW HITPOINT WARNING * * *
You feel very sick. The water moccasin bites you!
* * * LOW HITPOINT WARNING * * *
It was a potion of magic.
Magic courses through your body.
* * * LOW HITPOINT WARNING * * *
You feel sick. The water moccasin bites you.
* * * LOW HITPOINT WARNING * * *
The water moccasin bites you.
You die...

#### #.#.... .......
##...#.# ##......##
#.........
###.........
##...........
######...S@.......
##.#.#.............
##.................:
∆#...................
###.................
##................
#.................
...................
...##...........


You could see a water moccasin.

Vanquished Creatures
  Edmund (D:4)
  An elf zombie (D:5)
  3 elf skeletons (D:5)
  2 human zombies (D:5)
  A centaur skeleton (D:5)
  3 hounds
  An orc wizard (D:5)
  6 adders
  6 gnolls
  2 shadow imps (D:5)
  An adder skeleton (D:4)
  6 worms
  3 dart slugs
  8 orcs
  8 ball pythons
  3 endoplasms
  5 giant cockroaches
  8 goblins
  4 hobgoblins
  4 jackals
  5 quokkas
  6 bats
  3 frilled lizards
  11 kobolds
  4 orc skeletons (D:5)
  An orc zombie (D:5)
  8 rats
114 creatures vanquished.

Notes
Turn   | Place    | Note
-------+----------+-------------------------------------------
     0 | Abyss:1  | dolemite99 the Gnoll Abyssal Knight began the quest for the
                  | Orb.
     0 | Abyss:1  | Reached XP level 1. HP: 23/23 MP: 3/3
   102 | Abyss:1  | Noticed a small abomination
   102 | Abyss:1  | Noticed a worldbinder
   105 | D:1      | Escaped the Abyss
   142 | D:1      | Reached XP level 2. HP: 9/29 MP: 5/5
   594 | D:1      | Reached * piety under Lugonu
   674 | D:1      | Reached XP level 3. HP: 35/35 MP: 6/6
  1255 | D:1      | Found Gucapoib's Antique Weapon Emporium.
  1287 | D:1      | Reached skill level 1 in Short Blades
  1287 | D:1      | Reached skill level 1 in Long Blades
  1287 | D:1      | Reached skill level 1 in Axes
  1287 | D:1      | Reached skill level 1 in Maces & Flails
  1287 | D:1      | Reached skill level 1 in Staves
  1287 | D:1      | Reached skill level 1 in Slings
  1287 | D:1      | Reached skill level 1 in Bows
  1287 | D:1      | Reached skill level 1 in Crossbows
  1287 | D:1      | Reached skill level 1 in Throwing
  1287 | D:1      | Reached skill level 1 in Stealth
  1287 | D:1      | Reached skill level 1 in Shields
  1287 | D:1      | Reached skill level 1 in Unarmed Combat
  1287 | D:1      | Reached skill level 1 in Spellcasting
  1287 | D:1      | Reached skill level 1 in Evocations
  1466 | D:1      | Found a faded altar of an unknown god.
  1633 | D:2      | Reached XP level 4. HP: 33/41 MP: 7/7
  1799 | D:2      | You fall into a shaft and drop 2 floors!
  2196 | D:2      | Reached ** piety under Lugonu
  2345 | D:2      | Reached skill level 1 in Conjurations
  2345 | D:2      | Reached skill level 1 in Hexes
  2345 | D:2      | Reached skill level 1 in Summonings
  2345 | D:2      | Reached skill level 1 in Necromancy
  2345 | D:2      | Reached skill level 1 in Translocations
  2345 | D:2      | Reached skill level 1 in Transmutations
  2345 | D:2      | Reached skill level 1 in Fire Magic
  2345 | D:2      | Reached skill level 1 in Ice Magic
  2345 | D:2      | Reached skill level 1 in Air Magic
  2345 | D:2      | Reached skill level 1 in Earth Magic
  2345 | D:2      | Reached skill level 1 in Poison Magic
  3256 | D:3      | Reached XP level 5. HP: 12/47 MP: 8/8
  4859 | D:4      | Noticed Edmund
  4863 | D:4      | Killed Edmund
  4864 | D:4      | Reached skill level 5 in Invocations
  4864 | D:4      | Reached XP level 6. HP: 53/53 MP: 9/9
  4874 | D:4      | Found an iron altar of Okawaru.
  4935 | D:4      | Reached skill level 5 in Polearms
  4935 | D:4      | Reached skill level 5 in Armour
  5000 | D:4      | Reached *** piety under Lugonu
  5717 | D:5      | Entered Level 5 of the Dungeon
  6398 | D:5      | Reached XP level 7. HP: 30/59 MP: 10/10
  6744 | D:5      | Found a staircase to the Ecumenical Temple.
  6879 | D:5      | Reached skill level 7 in Fighting
  7513 | D:5      | Noticed Grinder
  7816 | D:6      | HP: 3/60 [poisoned by a water moccasin]
  7816 | D:6      | HP: 1/60 [water moccasin (2)]
  7816 | D:6      | Slain by a water moccasin

Illustrated notes

Levels and vault maps discovered:
D:1:      nicolae_arrival_washed_ashore, layout_loops_ring,
          hellmonk_ecumenical_altar_heavens_door, serial_shops,
          nicolae_shop_temple_entry_statues_fountains
D:2:      layout_loops_cross, minmay_cupped
D:3:      layout_basic
D:4:      layout_gridville, kennysheep_mini, serial_rivers,
          chequers_serial_rivers_micro_b, chequers_serial_rivers_micro_d,
          chequers_serial_rivers_micro_a, chequers_serial_rivers_micro_a,
          chequers_serial_rivers_marsh, kennysheep_generic_room_10, uniq_edmund
D:5:      layout_basic, minmay_temple_entry_poolview,
          nicolae_ossuary_entry_catacombs, uniq_grinder
D:6:      layout_cave_pools, portal_sewer_entry_b
D:7:      layout_loops_ring, grunt_ministairs_15

Skill      XL: |  1  2  3  4  5  6  7 |
---------------+----------------------+-----
Short Blades   | 1 2 |  2.8
Long Blades    | 1 2 |  2.8
Axes           | 1 2 |  2.8
Maces & Flails | 1 2 |  2.8
Staves         | 1 2 |  2.8
Slings         | 1 2 |  2.8
Bows           | 1 2 |  2.8
Crossbows      | 1 2 |  2.8
Throwing       | 1 2 |  2.8
Stealth        | 1 2 |  2.8
Shields        | 1 2 |  2.8
Unarmed Combat | 1 2 |  2.8
Spellcasting   | 1 2 |  2.8
Evocations     | 1 2 |  2.8
Conjurations   | 1 2 |  2.3
Hexes          | 1 2 |  2.3
Summonings     | 1 2 |  2.3
Necromancy     | 1 2 |  2.3
Translocations | 1 2 |  2.3
Transmutations | 1 2 |  2.3
Fire Magic     | 1 2 |  2.3
Ice Magic      | 1 2 |  2.3
Air Magic      | 1 2 |  2.3
Earth Magic    | 1 2 |  2.3
Poison Magic   | 1 2 |  2.3
Dodging        | 3 |  3.9
Invocations    | 5 |  5.6
Polearms       | 5 |  5.4
Armour         | 5 |  5.4
Fighting       | 7 |  7.2

Action                   |  1- 3 |  4- 6 |  7- 9 || total
-------------------------+-------+-------+-------++-------
Melee: Spear             |   124 |   319 |   226 ||   669
       Bite              |     3 |    25 |    22 ||    50
       Punch             |       |     1 |     1 ||     2
Throw: Boomerang         |       |    32 |       ||    32
       Dart              |       |    15 |     5 ||    20
       Stone             |       |     4 |       ||     4
Invok: Depart the Abyss  |     1 |       |       ||     1
Evoke: Wand              |       |     6 |       ||     6
  Use: Scroll            |       |     5 |     3 ||     8
       Potion            |       |       |     3 ||     3
 Stab: Distracted        |     1 |       |       ||     1
       Sleeping          |     2 |       |       ||     2
Armor: Leather armour    |    22 |     4 |       ||    26
       Chain mail        |       |   130 |   107 ||   237
Dodge: Dodged            |    56 |   129 |    49 ||   234
